 Dungeon Crawl Stone Soup version 0.30-a0-283-gf371ce1921 (webtiles) character file.

Game seed: 11593449748310511969

2081 Essalna the Stinger (level 9, -1/54 HPs)
             Began as a Deep Elf Venom Mage on Oct 17, 2022.
             Was an Initiate of Vehumet.
             Slain by a green ugly thing (8 damage)
             ... on level 6 of the Dungeon.
             The game lasted 00:15:18 (7625 turns).

Essalna the Stinger (Deep Elf Venom Mage)           Turns: 7625, Time: 00:15:18

Health: -1/54      AC: 12    Str:  5    XL:     9   Next: 6%
Magic:  14/24      EV: 21    Int: 25    God:    Vehumet [......]
Gold:   364        SH:  0    Dex: 28    Spells: 7/14 levels left

rFire   . . .      SeeInvis .    E - +5 short sword (speed)
rCold   + . .      Faith    .    (no shield)
rNeg    . . .      Spirit   .    x - +2 leather armour of Howling Wind {Dex+9}
rPois   .          Reflect  .    B - +0 helmet of Music {rC+ Dex+4 Stlth+}
rElec   .          Harm     .    (no cloak)
rCorr   .          Rampage  .    y - +1 pair of gloves
Will    .....                    k - +2 pair of boots
Stlth   ++++......               (no amulet)
HPRegen 0.29/turn                u - +4 ring of evasion
MPRegen 0.19/turn                t - ring of magical power

@: lethally poisoned (-1 -> -13), about to teleport
A: no striking features
a: Renounce Religion


You were on level 6 of the Dungeon.
You worshipped Vehumet.
Vehumet was noncommittal.
You visited 2 branches of the dungeon, and saw 8 of its levels.

You collected 364 gold pieces.

Inventory:

Hand Weapons
 e - a +1 whip
 E - a +5 short sword of speed (weapon)
Armour
 a - a +0 robe
 g - a +1 hat
 k - a +2 pair of boots (worn)
 x - the +2 leather armour of Howling Wind (worn) {Dex+9}
   (You found it on level 3 of the Dungeon)

   Dex:       It affects your dexterity (+9).
 y - a +1 pair of gloves (worn)
 B - the +0 helmet of Music (worn) {rC+ Dex+4 Stlth+}
   (You found it on level 4 of the Dungeon)

   Dex:       It affects your dexterity (+4).
   rC:        It protects you from cold.
   Stlth:     It makes you more stealthy.
Jewellery
 j - an amulet of faith
 l - a ring of resist corrosion
 t - a ring of magical power (right hand)
 u - a +4 ring of evasion (left hand)
 F - a ring of protection from fire
Wands
 d - a wand of digging (4)
 z - a wand of mindburst (21)
 G - a wand of roots (13)
Scrolls
 h - 2 scrolls of enchant weapon
 i - 3 scrolls of identify
 m - 2 scrolls of teleportation
 r - 2 scrolls of enchant armour
 w - 3 scrolls of immolation
 D - a scroll of poison
Potions
 b - 3 potions of magic
 c - a potion of mutation
 f - 10 potions of curing {unknown}
 n - a potion of heal wounds {unknown}
 o - 4 potions of lignification {unknown}
 p - 2 potions of flight {unknown}
 q - 2 potions of ambrosia {unknown}
 s - 2 potions of brilliance {unknown}
 v - 2 potions of might {unknown}
 A - 2 potions of degeneration {unknown}
 H - a potion of haste {unknown}


   Skills:
 + Level 5.1 Fighting
 + Level 4.3 Armour
 + Level 6.9 Dodging
 - Level 2.4 Stealth
 - Level 3.0 Spellcasting
 - Level 1.1 Transmutations
 + Level 7.7 Poison Magic


You had 7 spell levels left.
You knew the following spells:

 Your Spells              Type           Power      Damage    Failure   Level
a - Sting                 Tmut/Pois      100%       1d8       2%          1
b - Poisonous Vapours     Pois/Air       46%        N/A       4%          2
c - Olgreb's Toxic Radia  Pois           42%        N/A       6%          4

Your spell library contained the following spells:

 Spells                   Type           Power      Damage    Failure   Level
 Necrotise                Necr           12%        1d4       16%         1
 Slow                     Hex            12%        N/A       16%         1
 Mephitic Cloud           Conj/Pois/Air  16%        N/A       16%         3
 Confusing Touch          Hex            3%         N/A       43%         3
 Dazzling Flash           Conj/Hex       6%         N/A       43%         3
 Summon Guardian Golem    Hex/Summ       3%         N/A       43%         3
 Vampiric Draining        Necr           3%         2d6       43%         3
 Summon Ice Beast         Ice/Summ       3%         N/A       83%         4
 Agony                    Necr           3%         N/A       99%         5
 Silence                  Hex/Air        1%         N/A       99%         5
 Summon Mana Viper        Hex/Summ       3%         N/A       99%         5
 Monstrous Menagerie      Summ           1%         N/A       100%        7
 Orb of Destruction       Conj           1%         9d5       100%        7
 Spellforged Servitor     Conj/Summ      1%         N/A       100%        7


Dungeon Overview and Level Annotations

Branches:
Dungeon (7/15)             Temple (1/1) D:5

Altars:
Ashenzari
Cheibriados
Gozag
Hepliaklqana
Kikubaaqudgha
Makhleb
Nemelex Xobeh
Okawaru
Qazlal
Ru
Sif Muna
Vehumet
Xom
Yredelemnul
Zin
The Shining One


Message History

The green ugly thing barely misses you.
The sting hits the green ugly thing.
The green ugly thing partially resists.
The green ugly thing looks as sick as possible!
The green ugly thing is moderately wounded.
The green ugly thing claws you but does no damage.
The sting hits the green ugly thing.
The green ugly thing partially resists.
The green ugly thing is moderately wounded.
The green ugly thing claws you.
The sting hits the green ugly thing.
The green ugly thing partially resists.
The green ugly thing is heavily wounded.
The green ugly thing barely misses you.
The sting misses the green ugly thing.
The green ugly thing closely misses you.
The sting hits the green ugly thing.
The green ugly thing partially resists.
The green ugly thing is heavily wounded.
The green ugly thing completely misses you.
The sting misses the green ugly thing.
The green ugly thing claws you!
The sting hits the green ugly thing but does no damage.
The green ugly thing looks as sick as possible!
The green ugly thing is severely wounded.
The green ugly thing claws you!
You are poisoned.
The green ugly thing poisons you!
The green ugly thing attacks as you move away!
The green ugly thing claws you!
* * * LOW HITPOINT WARNING * * *
You feel extremely sick.
Okay, then.
Unknown command.
Unknown command.
As you read the scroll of teleportation, it crumbles to dust.
You feel strangely unstable.
* * * LOW HITPOINT WARNING * * *
You feel very sick. The green ugly thing misses you.
* * * LOW HITPOINT WARNING * * *
You feel very sick.
The green ugly thing attacks as you move away!
The green ugly thing claws you!
You die...

#.##.# ##### #........... #.##.#
###.#########. ####.##..
#..........##. #....####
#...##.###.##. #.#### ######.#
#.... #.# #.# ##### #.#
#####+### ########### #.#
#.......# ...##:...... #.#
#....@u.#?....######## ##.#
#....8..'.....# #
#..########.......#.....# #
#..#.....##.......# ...#### #
#....#'#....###)#########.######
#.##.#.#..####...###......##....
#>##.#.#.## #.....##......##.###
##.#..#.#..###.....####.##.##.#
# .....##.##.>##.....# #.##.##.#
#


You could see a green ugly thing (very poisoned).

Vanquished Creatures
  Grinder (D:6)
  Eustachio (D:5)
  Edmund (D:6)
  2 water moccasins
  Duvessa (D:5)
  A black bear (D:5)
  An orc warrior (D:6)
  A centaur (D:6)
  A phantom (D:5)
  A necrophage (D:4)
  2 bullfrogs
  2 scorpions
  Dowan (D:5)
  A howler monkey (D:6)
  2 orc priests
  4 hounds
  A gnoll bouda (D:4)
  4 orc wizards
  2 iguanas
  11 adders
  3 gnolls (D:4)
  A white imp (D:6)
  An ufetubus (D:6)
  5 worms (D:2)
  4 dart slugs
  10 orcs
  6 ball pythons
  4 bats
  3 endoplasms
  5 giant cockroaches
  8 goblins
  16 hobgoblins
  A jackal (D:1)
  3 quokkas
  8 frilled lizards
  9 kobolds
  5 rats
133 creatures vanquished.

Notes
Turn   | Place    | Note
-------+----------+-------------------------------------------
     0 | D:1      | Essalna the Deep Elf Venom Mage began the quest for the
                  | Orb.
     0 | D:1      | Reached XP level 1. HP: 10/10 MP: 6/6
   277 | D:1      | Reached XP level 2. HP: 14/16 MP: 2/8
   391 | D:1      | Reached skill level 1 in Fighting
   547 | D:1      | You fall into a shaft and drop 1 floor!
   708 | D:2      | Reached skill level 4 in Poison Magic
   884 | D:1      | Reached XP level 3. HP: 20/20 MP: 7/9
  1312 | D:2      | Reached XP level 4. HP: 22/26 MP: 4/10
  1955 | D:2      | Learned a level 2 spell: Poisonous Vapours
  1960 | D:2      | Learned a level 4 spell: Olgreb's Toxic Radiance
  2716 | D:3      | Identified the +2 leather armour of Howling Wind {Dex+9}
  2960 | D:3      | Reached skill level 5 in Poison Magic
  2960 | D:3      | Reached XP level 5. HP: 31/31 MP: 9/11
  3830 | D:4      | Reached skill level 1 in Armour
  3923 | D:4      | Reached XP level 6. HP: 36/36 MP: 12/12
  4492 | D:4      | Reached XP level 7. HP: 34/41 MP: 13/13
  4660 | D:4      | Identified the +0 helmet of Music {rC+ Dex+4 Stlth+}
  4816 | D:5      | Entered Level 5 of the Dungeon
  4823 | D:5      | Found a sacrificial altar of Ru.
  4838 | D:5      | Found a staircase to the Ecumenical Temple.
  4851 | Temple   | Entered the Ecumenical Temple
  5075 | D:5      | Reached skill level 6 in Poison Magic
  5167 | D:5      | Found an opulent altar of Gozag.
  5384 | D:5      | Noticed Duvessa
  5384 | D:5      | Noticed Dowan
  5399 | D:5      | Killed Duvessa
  5402 | D:5      | Killed Dowan
  5403 | D:5      | Reached skill level 5 in Dodging
  5660 | D:5      | Reached XP level 8. HP: 48/48 MP: 10/14
  5946 | D:5      | Found a radiant altar of Vehumet.
  5951 | D:5      | Became a worshipper of Vehumet
  6006 | D:5      | Noticed Eustachio
  6018 | D:5      | Killed Eustachio
  6595 | D:6      | Reached skill level 7 in Poison Magic
  6596 | D:6      | Noticed Grinder
  6614 | D:6      | Paralysed by Grinder for 3 turns
  6621 | D:6      | Killed Grinder
  6723 | D:6      | Identified the +6 sling "Koxuw" {freeze, rF+ Str+3 Stlth+}
  6793 | D:6      | Noticed Edmund
  6813 | D:6      | Killed Edmund
  7025 | D:6      | Found an iron altar of Okawaru.
  7035 | D:6      | Reached skill level 5 in Fighting
  7114 | D:6      | Reached XP level 9. HP: 51/54 MP: 15/15
  7163 | D:6      | Found a hazy altar of Hepliaklqana.
  7608 | D:6      | Noticed a green ugly thing
  7625 | D:6      | Slain by a green ugly thing

Illustrated notes

Levels and vault maps discovered:
D:1:      wander_arrival_lonely_grave, layout_rooms, st_stairs_12, minivault_19,
          minmay_pentomino_p4
D:2:      minmay_razor_zed, layout_loops_corners, chequers_serial_rivers_room_a
D:3:      cheibrodos_greedy_goblins, layout_basic,
          chequers_serial_rivers_micro_c
D:4:      layout_cave_pools
D:5:      layout_gridville, nicolae_ru_the_path_less_chosen, vehumet_crystals,
          mainiacjoe_overflow_boulevard, minmay_temple_entry_mist, uniq_duvessa,
          uniq_eustachio
D:6:      layout_loops_ring, mainiacjoe_overflow_surrounded_room,
          old_standard_altar, minmay_three_doors, uniq_edmund, uniq_grinder
D:7:      layout_basic, trog_hazing_becter, kennysheep_little_box,
          minmay_unpleasant_kobolds
Temple:   grunt_temple_mini_profane

Skill      XL: |  1  2  3  4  5  6  7  8 |
---------------+-------------------------+-----
Fighting       | 1 2 3 4 5 |  5.1
Poison Magic   | 4 5 6 7 |  7.7
Dodging        | 3 4 5 6 |  6.9
Armour         | 1 2 3 4 |  4.3
Stealth        | |  2.4
Spellcasting   | |  3.0
Transmutations | |  1.1

Action                   |  1- 3 |  4- 6 |  7- 9 || total
-------------------------+-------+-------+-------++-------
Melee: Whip              |     5 |    39 |     3 ||    47
       Short sword       |       |       |    46 ||    46
       Punch             |       |       |     1 ||     1
 Cast: Sting             |    63 |   163 |   147 ||   373
       Poisonous Vapours |       |    12 |    27 ||    39
       Olgreb's Toxic Ra |       |       |     1 ||     1
  Use: Scroll            |       |     9 |     3 ||    12
 Stab: Sleeping          |       |       |     2 ||     2
Armor: Robe              |     8 |     6 |       ||    14
       Leather armour    |       |    35 |    45 ||    80
Dodge: Dodged            |    11 |   100 |   156 ||   267

Table legend: (Time is in decaauts)
 A = Elapsed time spent in this place.
 B = Non-inter-level travel time spent in this place.
 C = Inter-level travel time spent in this place.
 D = Time resting spent in this place.
 E = Time spent auto-exploring this place.
 F = Levels seen in this place.
 G = Mean time per level.
                   A        B        C        D        E       F      G
               +--------+--------+--------+--------+--------+-----+--------+
         Total |   7615 |   7441 |    174 |    140 |   6124 |   8 |  951.9 |
       Dungeon |   7403 |   7266 |    137 |    140 |   5954 |   7 | 1057.6 |
        Temple |    212 |    175 |     37 |      0 |    170 |   1 |  212.0 |
               +--------+--------+--------+--------+--------+-----+--------+

Top non-repeatable levels by time:
     D:2: 1918 daAuts
     D:5: 1411 daAuts
     D:3: 1245 daAuts
     D:6: 1161 daAuts
     D:4: 922 daAuts
     D:1: 732 daAuts
  Temple: 212 daAuts
     D:7: 10 daAuts
